 Dungeon Crawl Stone Soup version 0.30.0-15-g856e2d3f33 (webtiles) character file.

Game seed: 8685293490265649859

37 qw the Chopper (level 3, -1/23 HPs)
             Began as a Gargoyle Cinder Acolyte on May 18, 2023.
             Was a High Priest of Ignis.
             Slain by Terence
             ... wielding the +7 Throatcutter {drain, coup de grace}
              (6 damage)
             ... on level 2 of the Dungeon.
             The game lasted 00:00:36 (994 turns).

qw the Chopper (Gargoyle Cinder Acolyte)             Turns: 994, Time: 00:00:37

Health: -1/23      AC: 12    Str: 19    XL:     3   Next: 41%
Magic:  4/4        EV: 11    Int: 14    God:    Ignis [*****.]
Gold:   96         SH:  0    Dex:  5    Spells: 4/4 levels left

rFire   + + .        Y - -1 hand axe (flame)
rCold   . . .        (no shield)
rNeg    + . .        b - +0 robe
rPois   inf          (no helmet)
rElec   +            (no cloak)
rCorr   .            (no gloves)
SInv    .            (no boots)
Will    .....        (no amulet)
Stlth   +            c - ring of protection from fire
HPRegen 0.23/turn    (no ring)
MPRegen 0.09/turn

%: no passive effects
@: fiery-armoured
A: sickness immunity, AC +3, negative energy resistance 1, electricity
resistance, torment resistance 1, petrification resistance
a: Renounce Religion, Fiery Armour, Foxfire Swarm, Rising Flame


You were on level 2 of the Dungeon.
You worshipped Ignis.
Ignis was extremely pleased with you.
You visited 1 branch of the dungeon, and saw 2 of its levels.

You collected 96 gold pieces.


Innate Abilities, Weirdness & Mutations

You are immune to sickness and miasma.
Your stone body is resilient. (AC +3)
You are immune to poison.
You resist negative energy. (rN+)
You are resistant to electric shocks. (rElec)
You are resistant to unholy torment.
You are immune to petrification.


   Skills:
 - Level 3.2 Fighting
 + Level 4.0 Axes
 - Level 1.0 Spellcasting
 - Level 3.0 Fire Magic


You had 4 spell levels left.
You didn't know any spells.
Your spell library contained the following spells:

 Spells                   Type           Power      Damage    Failure   Level
 Scorch                   Fire           18%        2d6       12%         2

Inventory:

Hand Weapons
 Y - a -1 hand axe of flaming (weapon)
Armour
 b - a +0 robe (worn)
Jewellery
 c - a ring of protection from fire (left hand)
Potions
 g - 3 potions of flight {unknown}
 h - a potion of mutation {unknown}

Dungeon Overview and Level Annotations

Branches:
Dungeon (2/15)

Altars:
Yredelemnul

Annotations:
D:2 Terence


Message History

Found an escape hatch in the floor.
Found an escape hatch in the ceiling.
Found a stone staircase leading down.
You now have 60 gold pieces (gained 6).
You now have 76 gold pieces (gained 16).
A rat comes into view.
Found 2 glowing dark potions.
You closely miss the rat. The rat barely misses you.
You hit the rat. You burn the rat.
You kill the rat!
Found a dagger.
Found a basalt altar of Yredelemnul.
Found a stone staircase leading up.
g - 3 glowing dark potions (gained 2)
Found 8 stones.
You see here a wand of acid (4).
You now have 86 gold pieces (gained 10).
You now have 96 gold pieces (gained 10).
You see here 8 stones.
Terence the Incautious comes into view.
He is wielding the +7 Throatcutter {drain, coup de grace} and wearing a +3 scale mail of fire resistance.
Terence shouts!
You barely miss Terence.
A rat comes into view.
Terence completely misses you.
You barely miss Terence.
Terence hits you with the +7 Throatcutter {drain, coup de grace}.
You barely miss Terence.
Terence hits you with the +7 Throatcutter {drain, coup de grace}!
You closely miss Terence.
Terence hits you with the +7 Throatcutter {drain, coup de grace}.
993 ||| INVOKING Fiery Armour.
A protective cloak of flame settles atop you.
Terence hits you with the +7 Throatcutter {drain, coup de grace}.
Terence resists.
Terence is burned by your cloak of flames.
Terence is lightly wounded.
You barely miss Terence.
Terence is lightly wounded.
Terence hits you with the +7 Throatcutter {drain, coup de grace}.
You die...

###.# .. #..<# #.
########.#.# ..
###........#.# #.
#..........#.# #..
#............. #..###
#../#......#.#
.####...###...##........
.$...r@@(........._.....
....#.#..##.####...).##.
. # ##..#.# .......##.
...#.# #.#.#.###.
###.#.#.#.#...# #.
..>#.# #. #.
#...(..#.#####.
###...#.......
#....####.


You could see Terence and a rat.

Vanquished Creatures
  3 bats (D:1)
  An endoplasm (D:1)
  4 goblins (D:1)
  6 hobgoblins (D:1)
  3 kobolds (D:1)
  4 quokkas (D:1)
  7 ball pythons
  A frilled lizard (D:1)
  4 rats
33 creatures vanquished.

Notes
Turn   | Place    | Note
-------+----------+-------------------------------------------
     0 | D:1      | qw the Gargoyle Cinder Acolyte began the quest for the Orb.
     0 | D:1      | Reached XP level 1. HP: 14/14 MP: 2/2
     0 | D:1      | 0 ||| qw: Version: 0.2-a-95-gc95f03d
     0 | D:1      | 0 ||| qw: Game counter: 60
     0 | D:1      | 0 ||| qw: Always use a shield: true
     0 | D:1      | 0 ||| qw: God list: Okawaru
     0 | D:1      | 0 ||| qw: Allow faded altars: false
     0 | D:1      | 0 ||| qw: Do Orc after D:15 true
     0 | D:1      | 0 ||| qw: Do second Lair branch before Depths: true
     0 | D:1      | 0 ||| qw: Lair rune preference: random
     0 | D:1      | 0 ||| qw: Plans: Normal
     0 | D:1      | 0 ||| PLANNING D:1-11
    37 | D:1      | 37 ||| INVOKING Fiery Armour.
    86 | D:1      | 86 ||| Stepping ~*~*~tactically~*~*~ (stealth).
    96 | D:1      | Reached skill level 3 in Axes
   100 | D:1      | Reached XP level 2. HP: 19/19 MP: 3/3
   102 | D:1      | 102 ||| Stepping ~*~*~tactically~*~*~ (stealth).
   428 | D:1      | Reached XP level 3. HP: 18/23 MP: 4/4
   878 | D:1      | 878 ||| UPGRADING to ring of protection from fire.
   879 | D:1      | 879 ||| READING 2 scrolls labelled LUH SOBRACHE.
   880 | D:1      | 880 ||| READING scroll labelled SEAKADOAJO.
   881 | D:1      | 881 ||| READING scroll labelled MIM YCUGOARGHY.
   882 | D:1      | 882 ||| READING scroll labelled YNIFRUJAIF.
   883 | D:1      | 883 ||| DROPPING scroll of blinking.
   908 | D:2      | Reached skill level 4 in Axes
   955 | D:2      | Found a basalt altar of Yredelemnul.
   983 | D:2      | Noticed Terence
   993 | D:2      | 993 ||| INVOKING Fiery Armour.
   993 | D:2      | HP: 5/23 [Terence/the +7 Throatcutter {drain, coup de
                  | grace} (4)]
   994 | D:2      | Slain by Terence

Levels and vault maps discovered:
D:1:      nicolae_arrival_somewhat_less_tricky_arrival, layout_rooms,
          serial_corexii_hall, corexii_hall_statues_deadend,
          corexii_hall_statues_t
D:2:      layout_basic, basic_altar, uniq_terence

Skill      XL: |  1  2  3 |
---------------+----------+-----
Axes           | 3 4 |  4.0
Fighting       | |  3.2
Spellcasting   | |  1.0
Fire Magic     | |  3.0

Action                     || total
---------------------------++-------
  Melee: Hand axe          ||    92
         Punch             ||     1
 Invoke: Fiery Armour      ||     2
    Use: Scroll            ||     4
 Armour: Robe              ||    29
  Dodge: Dodged            ||    45

Table legend:
 A = Non-vault XP
 B = Vault XP
 C = Vault XP percentage of total XP
 D = Non-vault monster count
 E = Vault monster count
 F = Vault count percentage of total count
                 A         B        C        D         E       F
            +---------+---------+-------+---------+---------+-------
      Total |      54 |       0 |   0.0 |      33 |       0 |   0.0
            +---------+---------+-------+---------+---------+-------
        D:1 |      51 |       0 |   0.0 |      31 |       0 |   0.0
        D:2 |       3 |       0 |   0.0 |       2 |       0 |   0.0
            +---------+---------+-------+---------+---------+-------
